 Dungeon Crawl Stone Soup version 0.29.0-4-gdea44cf6ec (webtiles) character file.

Game seed: 5336656589660121143

138 qw the Chopper (level 5, -9/30 HPs)
             Began as a Tengu Warper on Aug 28, 2022.
             Mangled by a yak (12 damage)
             ... on level 5 of the Dungeon.
             The game lasted 00:00:14 (2316 turns).

qw the Chopper (Tengu Warper)                       Turns: 2316, Time: 00:00:14

Health: -9/30      AC:  5    Str: 14    XL:     5   Next: 21%
Magic:  9/9        EV: 17    Int: 13    God:
Gold:   119        SH:  0    Dex: 13    Spells: 8/8 levels left

rFire   . . .      SeeInvis .   Y - +0 hand axe
rCold   . . .      Faith    .   (no shield)
rNeg    . . .      Spirit   .   i - +0 ring mail
rPois   .          Reflect  .   (helmet restricted)
rElec   .          Harm     .   (no cloak)
rCorr   .          Rampage  .   (no gloves)
Will    .....                   (boots unavailable)
Stlth   +.........              (no amulet)
HPRegen 0.10/turn               h - +4 ring of evasion
MPRegen 0.11/turn               (no ring)

@: flying quickly and evasively, quick
A: beak, talons 3, nimble flight
a: no special abilities


You were on level 5 of the Dungeon.
You visited 1 branch of the dungeon, and saw 4 of its levels.

You collected 119 gold pieces.


Innate Abilities, Weirdness & Mutations

You have a beak for a mouth.
You have claws for feet.
Your magical nature lets you fly swiftly and evasively.


   Skills:
 - Level 2.0 Fighting
 + Level 5.8 Axes
 - Level 1.0 Throwing
 - Level 1.1 Armour
 - Level 2.1 Dodging
 - Level 2.0 Spellcasting
 - Level 2.4 Translocations


You had 8 spell levels left.
You didn't know any spells.
Your spell library contained the following spells:

 Spells                   Type           Power      Damage    Failure   Level
 Blink                    Tloc           14%        N/A       30%         2
 Gell's Gravitas          Tloc           7%         N/A       52%         3
 Lesser Beckoning         Tloc           7%         N/A       52%         3
 Teleport Other           Tloc           7%         N/A       52%         3
 Manifold Assault         Tloc           7%         N/A       99%         5

Inventory:

Hand Weapons
 c - a +0 whip
 Y - a +0 hand axe (weapon)
Armour
 i - a +0 ring mail (worn)
Jewellery
 b - a ring of ice
 h - a +4 ring of evasion (left hand)
Scrolls
 a - 2 scrolls of identify
 d - a scroll of enchant armour {unknown}
 e - a scroll of magic mapping {unknown}
Potions
 g - 2 potions of curing

Dungeon Overview and Level Annotations

Branches:
Dungeon (3/15)

Altars:


Message History

The yak bellows!
You hear a bellow! x2
A yak comes into view.
Enter note: A yak comes into view.
A yak comes into view.
The yak bellows!
You hear a bellow!
A yak comes into view.
You hear a bellow!
You hit the yak but do no damage. You claw the yak, but do no damage.
You peck the yak.
The yak is lightly wounded.
The yak completely misses you.
A yak comes into view.
You closely miss the yak. You claw the yak! You peck the yak.
The yak is heavily wounded.
You hit the yak. You hit the yak.
The yak is lightly wounded.
You barely miss the yak. The yak misses you.
You hit the yak. You claw the yak!
The yak is severely wounded.
You hit the yak. x2
The yak closely misses you. The yak gores you!
You barely miss the yak. You peck the yak, but do no damage.
The yak is severely wounded.
You hit the yak. x3
A jelly comes into view.
The yak gores you! The yak barely misses you. The yak closely misses you.
The yak completely misses you.
You barely miss the yak. Your peck misses the yak.
The yak is severely wounded.
You hit the yak but do no damage. You barely miss the yak. You hit the yak.
You barely miss the yak.
The yak misses you. x2; The yak barely misses you. x3
You hit the yak but do no damage. You peck the yak, but do no damage.
The yak is severely wounded.
You hit the yak. You barely miss the yak. You hit the yak but do no damage. x2
The yak gores you! The yak barely misses you. The yak gores you!
You die...

.........)............#
......#...#..%........#
....###...#...........#
.#.. #...#............
.### #...#.......#+#
#...#.#+#...#.# #.#.#.#
##....#
....#.#.##....##
#....Y@Y...#
......YYY....#
.......Y......#
...............
...............
..........J....
...............
...............


You could see 6 yaks and a jelly.

Vanquished Creatures
  A scorpion (D:5)
  4 adders
  3 worms (D:2)
  3 ball pythons
  2 endoplasms (D:3)
  A giant cockroach (D:1)
  2 goblins (D:1)
  4 hobgoblins
  2 quokkas (D:2)
  6 bats
  2 frilled lizards (D:1)
  8 kobolds
  2 rats (D:2)
40 creatures vanquished.

Notes
Turn   | Place    | Note
-------+----------+-------------------------------------------
     0 | D:1      | qw the Tengu Warper began the quest for the Orb.
     0 | D:1      | Reached XP level 1. HP: 12/12 MP: 4/4
     0 | D:1      | 0 ||| qw: Version: 0.1-a-89-g26bdef1
     0 | D:1      | 0 ||| qw: Game counter: 620
     0 | D:1      | 0 ||| qw: Always use a shield: true
     0 | D:1      | 0 ||| qw: God list: Okawaru
     0 | D:1      | 0 ||| qw: Allow faded altars: false
     0 | D:1      | 0 ||| qw: Do Orc after D:15 true
     0 | D:1      | 0 ||| qw: Do second Lair branch before Depths: true
     0 | D:1      | 0 ||| qw: Lair rune preference: random
     0 | D:1      | 0 ||| qw: Plans: Normal
     0 | D:1      | 0 ||| PLANNING D:1-11
   283 | D:1      | Reached skill level 3 in Axes
   283 | D:1      | Reached XP level 2. HP: 16/17 MP: 6/6
   867 | D:1      | 867 ||| UPGRADING to +4 ring of evasion.
   868 | D:1      | 868 ||| READING 3 scrolls labelled CIANGI MOTAUF.
   869 | D:1      | 869 ||| READING scroll labelled NUGESK ECAAXKIU.
   873 | D:1      | 873 ||| READING 2 scrolls of identify.
   873 | D:1      | 873 ||| IDENTIFYING cyan potion
   874 | D:1      | 874 ||| DROPPING scroll of blinking.
   925 | D:2      | Reached XP level 3. HP: 10/21 MP: 7/7
   929 | D:2      | HP: 5/21 [poisoned by an adder]
  1194 | D:2      | Reached skill level 4 in Axes
  1397 | D:2      | 1397 ||| Stepping ~*~*~tactically~*~*~ (stealth).
  1417 | D:2      | 1417 ||| DROPPING +0 club.
  1482 | D:2      | Reached XP level 4. HP: 26/26 MP: 8/8
  1599 | D:2      | Found a faded altar of an unknown god.
  1918 | D:2      | 1918 ||| UPGRADING to +0 ring mail.
  1928 | D:2      | 1928 ||| DROPPING +0 leather armour.
  1929 | D:2      | 1929 ||| READING scroll labelled VAESUGODUTT.
  1930 | D:2      | 1930 ||| DRINKING 2 fizzy emerald potions.
  1931 | D:2      | 1931 ||| READING 4 scrolls of identify.
  1931 | D:2      | 1931 ||| IDENTIFYING fuming silvery potion
  1932 | D:2      | 1932 ||| READING 3 scrolls of identify.
  1932 | D:2      | 1932 ||| IDENTIFYING fuming cyan potion
  1933 | D:2      | 1933 ||| DROPPING potion of flight.
  1934 | D:2      | 1934 ||| DROPPING potion of magic.
  1935 | D:2      | 1935 ||| DROPPING potion of lignification.
  1967 | D:3      | 1967 ||| STAIRDANCE
  2025 | D:3      | 2025 ||| Stepping ~*~*~tactically~*~*~ (stealth).
  2060 | D:3      | 2060 ||| Stepping ~*~*~tactically~*~*~ (stealth).
  2069 | D:3      | Reached skill level 5 in Axes
  2150 | D:3      | You fall into a shaft and drop 2 floors!
  2150 | D:5      | Entered Level 5 of the Dungeon
  2151 | D:5      | 2151 ||| PLANNING SEWER
  2185 | D:5      | Noticed a scorpion
  2198 | D:5      | Killed a scorpion
  2199 | D:5      | Gained mutation: Your magical nature lets you fly swiftly
                  | and evasively. [Tengu growth]
  2199 | D:5      | Reached XP level 5. HP: 20/30 MP: 9/9
  2304 | D:5      | Noticed a yak
  2304 | D:5      | Noticed a yak
  2305 | D:5      | Noticed a yak
  2307 | D:5      | Noticed a yak
  2308 | D:5      | Noticed a yak
  2310 | D:5      | Noticed a yak
  2316 | D:5      | HP: 3/30 [yak (9)]
  2316 | D:5      | Mangled by a yak

Levels and vault maps discovered:
D:1:      kilobyte_arrival_exit_the_forest, layout_basic, minivault_25
D:2:      layout_loops_ring, hellmonk_ecumenical_altar_zigzags, moated_statue
D:3:      layout_rooms, mainiacjoe_overflow_tiny_flanked
D:5:      layout_basic, nicolae_overflow_hidden_temple, temple_green,
          gup_sewer_entry_pipe

Skill      XL: |  1  2  3  4 |
---------------+-------------+-----
Axes           | 3 4 5 |  5.8
Fighting       | |  2.0
Throwing       | |  1.0
Armour         | |  1.1
Dodging        | |  2.1
Spellcasting   | |  2.0
Translocations | |  2.4

Action                   |  1- 3 |  4- 6 || total
-------------------------+-------+-------++-------
Melee: Hand axe          |    72 |    49 ||   121
       Kick              |    15 |    17 ||    32
       Peck              |    10 |    10 ||    20
       Punch             |       |     1 ||     1
Throw: Boomerang         |     7 |       ||     7
  Use: Scroll            |     3 |     3 ||     6
       Potion            |       |     1 ||     1
Armor: Leather armour    |    22 |     3 ||    25
       Ring mail         |       |     6 ||     6
Dodge: Dodged            |    33 |    41 ||    74

Table legend:
 A = Non-vault XP
 B = Vault XP
 C = Vault XP percentage of total XP
 D = Non-vault monster count
 E = Vault monster count
 F = Vault count percentage of total count
                 A         B        C        D         E       F
            +---------+---------+-------+---------+---------+-------
      Total |     198 |       0 |   0.0 |      40 |       0 |   0.0
            +---------+---------+-------+---------+---------+-------
        D:1 |      22 |       0 |   0.0 |      14 |       0 |   0.0
        D:2 |      73 |       0 |   0.0 |      19 |       0 |   0.0
        D:3 |      23 |       0 |   0.0 |       6 |       0 |   0.0
        D:5 |      80 |       0 |   0.0 |       1 |       0 |   0.0
            +---------+---------+-------+---------+---------+-------
